 Dungeon Crawl Stone Soup version 0.25-a0-426-g7d9e569 (webtiles) character file.

Game seed: 16628067183801163623, levelgen mode: deterministic

243220 Firecrotchwizard the Tortoise (level 20, -5/219 HPs)
             Began as a Halfling Berserker on Jan 21, 2020.
             Was a High Priest of Trog.
             Slain by a vault warden
             ... wielding a +4 vorpal dire flail
              (16 damage)
             ... on level 2 of the Vaults on Jan 24, 2020.
             The game lasted 01:37:40 (38777 turns).

Firecrotchwizard the Tortoise (Halfling Berserker) Turns: 38777, Time: 01:37:40

Health: -5/219     AC: 33    Str: 28    XL:     20   Next: 19%
Magic:  27/27      EV: 25    Int:  8    God:    Trog [*****.]
Gold:   3352       SH:  0    Dex: 17    Spells: 19/19 levels left

rFire    . . .     SeeInvis +   M - +9 quick blade (vorpal)
rCold    . . .     Gourm    .   (shield restricted)
rNeg     . . .     Faith    .   I - +4 chain mail
rPois    +         Spirit   .   X - +3 crown of Dyrovepreva {rElec Int+2 SInv}
rElec    +         Reflect  .   r - +2 cloak
rCorr    .         Harm     .   N - +2 pair of gloves
MR       +....                  J - +2 pair of boots
Stlth    ..........             l - amulet of regeneration {+regen, !d}
HPRegen  0.86/turn              G - +6 ring of slaying
MPRegen  0.20/turn              O - ring of poison resistance {rPois, !d}

@: berserking, very quick
A: small, mutation resistance 1
}: 2/15 runes: decaying, gossamer
a: Berserk, Trog's Hand, Brothers in Arms, Renounce Religion


You were on level 2 of the Vaults.
You worshipped Trog.
Trog was extremely pleased with you.
You were hungry.

You visited 6 branches of the dungeon, and saw 33 of its levels.
You also visited: Gauntlet and Ice Cave.

You collected 4072 gold pieces.
You spent 720 gold pieces at shops.

Inventory:

Hand Weapons
 M - a +9 vorpal quick blade (weapon)
   (Trog gifted it to you on level 8 of the Dungeon)
 S - a +6 vorpal rapier
   (Trog gifted it to you on level 2 of the Spider Nest)
Missiles
 a - 8 atropa-tipped darts
 u - 3 throwing nets {=f, !d}
 w - 125 poisoned darts
 K - 12 curare-tipped darts
Armour
 r - a +2 cloak (worn)
   (You found it on level 3 of the Lair of Beasts)
 I - a +4 chain mail (worn)
   (You found it on level 7 of the Dungeon)
 J - a +2 pair of boots (worn)
   (You found it on level 7 of the Dungeon)
 N - a +2 pair of gloves (worn)
   (You found it on level 5 of the Lair of Beasts)
 X - the +3 crown of Dyrovepreva (worn) {rElec Int+2 SInv}
   (You found it on level 1 of the Vaults)

   It affects your intelligence (+2).
   It insulates you from electricity.
   It lets you see invisible.
Jewellery
 l - an amulet of regeneration (around neck) {+regen, !d}
   (You found it on level 2 of the Dungeon)
 m - the ring "Kilatas" {+Inv MR+ Stlth+}
   (You found it on level 3 of the Swamp)

   [ring of protection from magic]

   It affects your resistance to hostile enchantments.
   It lets you turn invisible.
   It makes you more stealthy.
 y - an uncursed ring of protection from cold {rC+, !d}
   (You found it on level 1 of the Spider Nest)
 G - a +6 ring of slaying (left hand)
   (You found it on level 1 of the Spider Nest)
 O - a ring of poison resistance (right hand) {rPois, !d}
   (You found it on level 11 of the Dungeon)
 V - an uncursed ring of flight {+Fly, !d}
   (You found it on level 15 of the Dungeon)
Wands
 n - a wand of iceblast (12)
   (You found it on level 2 of the Lair of Beasts)
 L - a wand of digging (3)
   (You found it on level 7 of the Dungeon)
Scrolls
 d - 6 scrolls of identify
 h - 2 scrolls of silence
 p - 6 scrolls of immolation {!r}
 s - 5 scrolls of remove curse
 x - 8 scrolls of teleportation
 E - a scroll of magic mapping {!r}
 H - 3 scrolls of fear
 R - 2 scrolls of holy word {!r}
 T - 2 scrolls of vulnerability {!r!r}
 U - 3 scrolls of enchant armour
 Y - a scroll of fog
Potions
 e - 6 potions of berserk rage {!q}
 f - 19 potions of curing
 g - 8 potions of ambrosia
 j - 3 potions of haste
 k - 3 potions of invisibility
 o - 3 potions of cancellation
 q - 5 potions of lignification {!q}
 t - 2 potions of agility
 v - 7 potions of brilliance
 z - 3 potions of flight
 A - 2 potions of mutation {!q}
 B - 3 potions of resistance
 F - 3 potions of heal wounds
 P - 2 potions of magic
 W - a potion of might
Miscellaneous
 b - a crystal ball of energy
   (You found it on level 11 of the Dungeon)
 D - a lightning rod (4/4)
   (You bought it in a shop on level 2 of the Orcish Mines)
Comestibles
 c - 60 rations
 Q - 7 chunks of flesh {@w0}


   Skills:
 + Level 15.6 Fighting
 - Level 13.1 Short Blades
 - Level 11.0 Throwing
 + Level 20.0 Armour
 + Level 18.0 Dodging
 + Level 10.2 Evocations


You had 19 spell levels left.
You didn't know any spells.
Your spell library was empty.

Dungeon Overview and Level Annotations

Branches:
Dungeon (15/15)            Temple (0/1) D:5            Lair (6/6) D:8
  Swamp (4/4) Lair:4       Spider (4/4) Lair:3        Slime (0/5) Lair:5
    Orc (2/2) D:9             Elf (0/3) Orc:2        Vaults (2/5) D:14
  IceCv (visited)         Gauntlet (visited)
  Crypt: Vaults:2-3  Depths: D:15

Altars:
Ashenzari
Cheibriados
Elyvilon
Fedhas
Hepliaklqana
Qazlal
Ru
Trog
Uskayaw
Vehumet
Xom
Beogh

Shops:
D:7 ?   D:10 (   Orc:1 (   Orc:2 (}*!%

Portals:
Trove: D:11 (give 12 potions of heal wounds)

Annotations:
D:5 exclusion: door
D:6 exclusion: statue
D:10 1 runed translucent door
D:13 1 runed translucent door, davenfal's ghost, journeyman FoFi
Lair:4 exclusion: 2 oklob plants
Swamp:2 Roxanne
Swamp:3 Mara
Spider:2 2 transporters, Wuanow's ghost, journeyman HOFi


Innate Abilities, Weirdness & Mutations

You are small and have problems with some larger weapons.
You are somewhat resistant to further mutation.


Message History

You kill the purple ugly thing!
Trog accepts your kill.
You impale the purple ugly thing!! You puncture the purple ugly thing!
You puncture the purple ugly thing!
The purple ugly thing closely misses you.
You hit the purple ugly thing. You hit the purple ugly thing.
You hit the purple ugly thing.
You kill the purple ugly thing!
Trog accepts your kill.
The vault warden unwields a +4 vorpal dire flail.
The vault warden wields a +0 arbalest.
The vault warden shoots a bolt.
The bolt hits you but does no damage. The fire dragon misses you. x2
The fire dragon tramples you but does no damage.
The ironheart preserver hits you but does no damage.
Things that are here:
an ugly thing corpse x2
You puncture the fire dragon! You puncture the fire dragon!
The vault warden unwields a +0 arbalest.
The vault warden wields a +4 vorpal dire flail.
The vault warden misses you. The fire dragon breathes flames at you.
The blast of flame hits you!!
You take 24 damage, and have 63/146 hp.
You hit the fire dragon.
The ironheart preserver hits you with a +0 great mace.
You take 1 damage, and have 62/146 hp.
You puncture the fire dragon!
The vault warden activates a sealing rune.
A door slams shut!
You are pushed out of the doorway!
The fire dragon barely misses you.
The fire dragon claws you but does no damage.
The fire dragon misses you. The vault warden misses you.
The ironheart preserver hits you but does no damage.
Things that are here:
a +0 arbalest; an ugly thing corpse x2
You barely miss the fire dragon. The fire dragon closely misses you.
The fire dragon completely misses you.
The fire dragon tramples you but does no damage.
You puncture the fire dragon!
The vault warden hits you with a +4 vorpal dire flail!
You take 15 damage, and have 48/146 hp.
You hit the fire dragon but do no damage.
You puncture the fire dragon!
A red film seems to cover your vision as you go berserk!
You feel yourself moving faster!
You feel mighty!
You are feeling hungry.
The fire dragon misses you. The fire dragon completely misses you.
The fire dragon tramples you.
You hold your ground!
The ironheart preserver closely misses you.
The vault warden hits you but does no damage.
The vault warden activates a sealing rune.
You now have 73/219 hp.
You hit the fire dragon. The fire dragon misses you. x2
The fire dragon tramples you but does no damage.
You impale the fire dragon!! The ironheart preserver misses you.
You puncture the fire dragon!
You kill the fire dragon!
Trog accepts your kill.
Your Dodging skill increases to level 18!
The vault warden completely misses you.
The hornet stings you but does no damage.
The vault warden hits you with a +3 great mace of holy wrath!!
* * * LOW HITPOINT WARNING * * *
The green ugly thing stings you but does no damage.
You take 21 damage, and have 53/219 hp.
You impale the green ugly thing!! You impale the green ugly thing!!
The hornet barely misses you.
You puncture the green ugly thing!
You kill the green ugly thing!
Trog accepts your kill.
The vault warden hits you with a +4 vorpal dire flail!!
* * * LOW HITPOINT WARNING * * *
x2 The ironheart preserver hits you with a +0 great mace!
* * * LOW HITPOINT WARNING * * *
You take 36 damage, and have 17/219 hp.
You puncture the vault warden! You impale the vault warden!!
The hornet completely misses you.
You hit the vault warden. The harpy barely misses you.
The harpy completely misses you. The vault warden completely misses you.
You impale the vault warden!! You puncture the vault warden!
The harpy completely misses you. x2
The vault warden hits you with a +4 vorpal dire flail!
* * * LOW HITPOINT WARNING * * *
x2 You take 8 damage, and have 10/219 hp.
You hit the vault warden. The hornet closely misses you.
The ironheart preserver closely misses you.
You hit the vault warden.
You kill the vault warden!
Trog accepts your kill.
The runic seal fades away.
Your Armour skill increases to level 20!
The harpy claws you but does no damage. The harpy completely misses you.
The harpy screeches!
The harpy completely misses you. The harpy claws you but does no damage.
The vault warden hits you with a +4 vorpal dire flail!
You die...

#....)#.
#########+#+#####.....'.
............(.........#.
..............(.......#.
......................#.
........(.............##
......................#
#######+#########'#####
##@## #......#


#pHp# #......# #.ycO.# #..)...# #.......# #......### #.......# #......#..
#.......# #.<....#.. #.......# #......#.. #.......# #......#.. ##.....##
#......#.. You could see an ironheart preserver, a vault warden, an ogre mage, a
yaktaur, a harpy and a hornet.

Vanquished Creatures
  the Lernaean hydra (Swamp:4)
  Arachne (Spider:3)
  Jorgrun (D:14)
  A sphinx (Vaults:1)
  Gastronok (Lair:2)
  3 thorn hunters
  Donald (Swamp:2)
  6 vault wardens
  7 ghost moths (Spider:4)
  2 ironheart preservers (Vaults:2)
  3 emperor scorpions
  A war gargoyle (Vaults:1)
  An entropy weaver (Spider:3)
  A very ugly thing (Swamp:2)
  3 spark wasps
  2 ettins
  2 fire dragons
  2 yaktaur captains (Vaults:1)
  A rakshasa (Vaults:1)
  19 hydras
  A ghost crab (Swamp:4)
  3 vault guards
  2 shambling mangroves
  3 ogre magi
  A catoblepas (Lair:3)
  4 deep troll shamans (Vaults:2)
  5 alligators
  2 death knights
  An orc high priest (Orc:2)
  A deep troll earth mage (Vaults:2)
  8 two-headed ogres
  Nergalle (D:10)
  A deep elf knight (Vaults:1)
  A fire crab (Lair:6)
  A skeletal warrior (D:15)
  An unseen horror (D:11)
  A shadow wraith (Vaults:2)
  4 deep trolls (Vaults:2)
  A glowing orange brain (Vaults:1)
  6 wizards
  A phantasmal warrior (D:15)
  2 necromancers (D:14)
  6 swamp dragons
  5 ironbrand convokers (Vaults:1)
  An orc knight (Vaults:1)
  Pikel (D:5)
  16 orb spiders
  4 orc sorcerers (Orc:2)
  A deep elf mage (D:14)
  45 ugly things
  27 wolf spiders
  A moth of wrath (Spider:1)
  7 cyclopes
  Psyche (D:12)
  An ice statue (IceCv)
  4 elephants (Lair:2)
  A centaur zombie (D:14)
  7 black mambas
  4 vault sentinels (Vaults:1)
  A guardian serpent (Lair:6)
  19 spiny frogs
  4 anaconda simulacra (IceCv)
  10 komodo dragons
  3 gargoyles
  2 freezing wraiths
  2 rime drakes
  19 yaktaurs
  10 demonic crawlers
  2 ice devils (IceCv)
  A golden dragon simulacrum (IceCv)
  A guardian mummy (D:11)
  A meliai (shapeshifter) (D:15)
  3 meliai (Spider:2)
  8 tyrant leeches
  2 polar bears
  26 jumping spiders
  18 hornets
  A hornet (shapeshifter) (D:15)
  50 slime creatures
  6 dream sheep
  8 hippogriffs
  A bog body (Swamp:4)
  63 redbacks
  A vampire (D:10)
  Sigmund (D:6)
  3 shadows
  29 tarantellas
  8 spriggans
  2 wraiths (Vaults:1)
  A wyvern (shapeshifter) (Vaults:1)
  A dire elephant simulacrum (IceCv)
  16 wyverns
  A fire elemental (Lair:6)
  4 hogs (D:7)
  26 yaks
  20 humans
  2 basilisks
  A death yak simulacrum (IceCv)
  26 vampire mosquitoes
  A yaktaur simulacrum (Vaults:1)
  12 swamp worms
  An iron troll simulacrum (IceCv)
  3 harpy simulacra (IceCv)
  16 insubstantial wisps
  3 wargs (Orc:2)
  An acid dragon (D:13)
  A soldier ant (shapeshifter) (D:15)
  3 hydra simulacra (IceCv)
  19 water moccasins
  Duvessa (D:5)
  10 porcupines
  A hornet zombie (D:15)
  19 swamp drakes
  A black bear (Lair:2)
  4 ice beasts
  3 sky beasts
  18 orc warriors
  An eye of draining (shapeshifter) (Vaults:1)
  A slave (D:5)
  A necrophage (D:6)
  3 eyes of draining
  5 phantoms
  18 wolves
  12 ogres
  10 boggarts
  A tengu (shapeshifter) (D:15)
  16 centaurs
  9 crocodiles
  A crocodile (shapeshifter) (Vaults:1)
  2 big kobolds
  15 bullfrogs
  A wyvern zombie (D:14)
  2 gnoll sergeants
  Dowan (D:5)
  3 scorpions
  19 killer bees
  8 wights
  3 electric eels
  5 jellies
  14 crimson imps
  A howler monkey (D:11)
  A lava snake (Lair:6)
  2 bullfrog zombies (D:13)
  2 draconian simulacra (IceCv)
  A gnoll shaman (D:6)
  26 orc priests
  4 bullfrog skeletons
  4 hounds
  4 centaur skeletons
  4 iguanas
  37 orc wizards
  9 worker ants
  A wolf simulacrum (IceCv)
  A spriggan simulacrum (IceCv)
  7 troll simulacra (IceCv)
  A hound skeleton (D:10)
  18 adders
  6 naga simulacra (IceCv)
  18 gnolls
  9 white imps
  3 ufetubi
  6 oozes
  An adder skeleton (D:8)
  3 adder zombies
  3 worms
  3 dart slugs
  5 leopard geckos
  56 orcs
  6 giant cockroaches
  13 goblins
  13 hobgoblins
  7 jackals
  5 quokkas
  2 ball pythons (D:3)
  4 bats
  4 frilled lizards
  15 kobolds
  A leopard gecko skeleton (D:6)
  4 rats
1223 creatures vanquished.

Vanquished Creatures (collateral kills)
  Sonja (Lair:5)
  A spiny frog (Swamp:4)
  A bog body (Swamp:4)
3 creatures vanquished.

Vanquished Creatures (others)
  Nikola (Vaults:2)
  An ugly thing (Swamp:2)
  A spiny frog (Swamp:1)
  A swamp drake (Swamp:2)
  2 slaves (D:5)
  An orc priest (Orc:2)
  A worker ant zombie (D:5)
  3 white imps (IceCv)
  An ufetubus (IceCv)
  2 orcs (Orc:2)
  A briar patch (Swamp:2)
  3 bushes (Lair:2)
  12 fungi
  19 plants
  3 toadstools (Swamp:1)
52 creatures vanquished.

Grand Total: 1278 creatures vanquished

Notes
Turn   | Place    | Note
-------+----------+-------------------------------------------
     0 | D:1      | Firecrotchwizard the Halfling Berserker began the quest for
                  | the Orb.
     0 | D:1      | Reached XP level 1. HP: 15/15 MP: 1/1
    23 | D:1      | HP: 3/15 [goblin (3)]
   615 | D:1      | Reached XP level 2. HP: 12/20 MP: 2/2
   873 | D:1      | Reached skill level 4 in Short Blades
  1350 | D:1      | Reached XP level 3. HP: 25/25 MP: 3/3
  1606 | D:2      | Reached skill level 3 in Fighting
  1663 | D:2      | Upgraded the game from 0.25-a0-424-g80bd347 to
                  | 0.25-a0-426-g7d9e569
  1690 | D:2      | Noticed an earth elemental
  1691 | D:2      | Found a stormy altar of Qazlal.
  1720 | D:2      | Noticed a water elemental
  1749 | D:2      | Noticed an air elemental
  1749 | D:2      | Noticed a fire elemental
  1790 | D:2      | Reached XP level 4. HP: 20/31 MP: 4/4
  1933 | D:2      | Reached ** piety under Trog
  2132 | D:2      | Found a shimmering altar of Xom.
  2502 | D:2      | HP: 11/46 [orc/+0 short sword (5)]
  2512 | D:2      | HP: 4/31 [poisoned by an adder]
  2986 | D:3      | Reached skill level 5 in Short Blades
  2986 | D:3      | Reached skill level 3 in Armour
  2986 | D:3      | Reached skill level 3 in Dodging
  2986 | D:3      | Reached XP level 5. HP: 20/36 MP: 5/5
  3145 | D:3      | Found a sacrificial altar of Ru.
  3324 | D:3      | Reached XP level 6. HP: 42/42 MP: 6/6
  3653 | D:3      | Found a snail-covered altar of Cheibriados.
  3929 | D:4      | Reached skill level 4 in Armour
  3999 | D:4      | Reached skill level 6 in Short Blades
  4312 | D:4      | Reached XP level 7. HP: 47/47 MP: 7/7
  4390 | D:4      | Reached skill level 4 in Dodging
  4658 | D:4      | Reached skill level 4 in Fighting
  4933 | D:5      | Entered Level 5 of the Dungeon
  4934 | D:5      | Noticed Dowan
  4934 | D:5      | Noticed Duvessa
  5117 | D:5      | Reached skill level 5 in Armour
  5175 | D:5      | Reached *** piety under Trog
  5189 | D:5      | Reached skill level 7 in Short Blades
  5260 | D:5      | Noticed Pikel
  5319 | D:5      | Killed Pikel
  5319 | D:5      | Reached skill level 8 in Short Blades
  5319 | D:5      | Reached skill level 6 in Armour
  5319 | D:5      | Reached skill level 5 in Dodging
  5319 | D:5      | Reached XP level 8. HP: 54/54 MP: 8/8
  5560 | D:5      | Noticed a moth of wrath
  5562 | D:5      | Found a bloodstained altar of Trog.
  5649 | D:5      | Found a staircase to the Ecumenical Temple.
  5965 | D:5      | Killed Duvessa
  5965 | D:5      | Reached skill level 5 in Fighting
  5969 | D:5      | Killed Dowan
  5969 | D:5      | Reached skill level 7 in Armour
  5969 | D:5      | Reached XP level 9. HP: 61/61 MP: 9/9
  6087 | D:6      | Found a radiant altar of Vehumet.
  6088 | D:6      | Noticed Sigmund
  6099 | D:6      | Killed Sigmund
  6099 | D:6      | Reached skill level 9 in Short Blades
  6216 | D:6      | Reached skill level 6 in Dodging
  6317 | D:6      | Reached skill level 8 in Armour
  6464 | D:6      | HP: 8/61 [orc warrior/+2 war axe of draining (10)]
  6488 | D:6      | HP: 22/91 [gnoll (2)]
  6751 | D:6      | Found a blossoming altar of Fedhas.
  6786 | D:6      | Reached skill level 10 in Short Blades
  6966 | D:6      | Reached **** piety under Trog
  7351 | D:7      | Found a stormy altar of Qazlal.
  7351 | D:7      | Found a hazy altar of Hepliaklqana.
  7476 | D:6      | Reached skill level 6 in Fighting
  7476 | D:6      | Reached skill level 9 in Armour
  7476 | D:6      | Reached XP level 10. HP: 50/65 MP: 10/10
  7765 | D:7      | Reached skill level 7 in Dodging
  7780 | D:7      | Reached skill level 11 in Short Blades
  8002 | D:7      | Found Ysmierai's Magic Scroll Emporium.
  8206 | D:8      | Reached skill level 10 in Armour
  8443 | D:8      | Reached ***** piety under Trog
  8443 | D:8      | Received a gift from Trog
  9028 | D:8      | Found a shattered altar of Ashenzari.
  9079 | D:8      | Reached skill level 12 in Short Blades
  9117 | D:8      | Reached skill level 7 in Fighting
  9117 | D:8      | Reached skill level 8 in Dodging
  9117 | D:8      | Reached XP level 11. HP: 36/72 MP: 11/11
  9205 | D:8      | Reached skill level 11 in Armour
  9332 | D:8      | Found a staircase to the Lair.
  9787 | D:9      | Found a flagged portal.
  9905 | D:9      | Found a staircase to the Orcish Mines.
  9918 | D:9      | Noticed a two-headed ogre
  9964 | D:9      | Killed a two-headed ogre
 10085 | D:9      | Received a gift from Trog
 10143 | D:9      | Reached skill level 13 in Short Blades
 10292 | D:9      | Found a hide-covered altar of Uskayaw.
 10667 | Lair:1   | Entered Level 1 of the Lair of Beasts
 10888 | Lair:1   | Reached skill level 1 in Throwing
 10888 | Lair:1   | Reached skill level 9 in Dodging
 10920 | Lair:1   | Reached skill level 12 in Armour
 11131 | Lair:1   | Noticed an eight-headed hydra
 11138 | Lair:1   | Killed an eight-headed hydra
 11138 | Lair:1   | Reached skill level 8 in Fighting
 11138 | Lair:1   | Reached skill level 2 in Throwing
 11362 | Lair:1   | Reached XP level 12. HP: 65/79 MP: 12/12
 11444 | Lair:1   | Reached skill level 3 in Throwing
 11768 | Lair:2   | Got a smelly chain mail
 11788 | Lair:2   | Identified the cursed +0 chain mail of Upygifec {rC+ rN+
                  | Int+4} (You found it on level 2 of the Lair of Beasts)
 11908 | Lair:2   | Reached skill level 13 in Armour
 11940 | Lair:2   | Reached skill level 4 in Throwing
 11940 | Lair:2   | Reached skill level 10 in Dodging
 12166 | Lair:2   | Noticed Gastronok
 12184 | Lair:2   | Killed Gastronok
 12332 | Lair:2   | Reached skill level 9 in Fighting
 12389 | Lair:2   | Received a gift from Trog
 12565 | Lair:2   | Reached skill level 5 in Throwing
 12660 | Lair:3   | Noticed a catoblepas
 12682 | Lair:3   | Killed a catoblepas
 12682 | Lair:3   | Reached skill level 14 in Armour
 12966 | Lair:3   | Noticed a seven-headed hydra
 12976 | Lair:3   | Reached XP level 13. HP: 82/87 MP: 13/13
 12986 | Lair:3   | Killed a seven-headed hydra
 13399 | Lair:3   | Found a hole to the Spider Nest.
 14002 | Lair:4   | Reached skill level 6 in Throwing
 14002 | Lair:4   | Reached skill level 11 in Dodging
 14124 | Lair:4   | Found a staircase to the Swamp.
 14639 | Lair:5   | Found a staircase to the Slime Pits.
 14739 | Lair:5   | Noticed Sonja
 14749 | Lair:5   | Killed Sonja
 15428 | Lair:6   | Entered Level 6 of the Lair of Beasts
 15549 | Lair:6   | Reached skill level 10 in Fighting
 15643 | Lair:6   | Reached skill level 7 in Throwing
 15796 | Lair:6   | Identified a scroll of acquirement
 15810 | Lair:6   | Reached skill level 15 in Armour
 15815 | Lair:6   | Received a gift from Trog
 16275 | Lair:6   | Reached XP level 14. HP: 99/99 MP: 14/14
 16328 | Lair:6   | Reached skill level 12 in Dodging
 16669 | Lair:6   | Reached skill level 8 in Throwing
 17112 | D:10     | Entered Level 10 of the Dungeon
 17114 | D:10     | Found a white marble altar of Elyvilon.
 17114 | D:10     | Found a runed translucent door.
 17114 | D:10     | Noticed an angel
 17443 | D:10     | Found Finn's Antique Weapon Shoppe.
 17506 | D:10     | Noticed Nergalle
 17526 | D:10     | Killed Nergalle
 17690 | D:10     | Received a gift from Trog
 18803 | D:11     | Reached skill level 11 in Fighting
 18859 | D:11     | Found a portal to a secret trove of treasure.
 19799 | D:12     | Noticed Psyche
 19811 | D:12     | Killed Psyche
 19935 | D:12     | Reached skill level 9 in Throwing
 20535 | D:13     | Found a runed translucent door.
 20535 | D:13     | Noticed davenfal's ghost (journeyman FoFi)
 21041 | D:13     | You fall into a shaft and drop 2 floors!
 21041 | D:15     | Entered Level 15 of the Dungeon
 21098 | D:15     | Reached skill level 13 in Dodging
 21107 | D:15     | Received a gift from Trog
 21126 | D:15     | Reached skill level 16 in Armour
 21318 | D:15     | Reached XP level 15. HP: 107/107 MP: 15/15
 21341 | D:15     | HP: 13/107 [white ugly thing (28)]
 21765 | D:14     | Got a glittering lead amulet
 21766 | D:14     | Identified the amulet of the Empty Page {Inacc rF+ Str+2}
                  | (You found it on level 14 of the Dungeon)
 21776 | D:14     | Noticed Jorgrun
 21819 | D:14     | Killed Jorgrun
 22154 | D:14     | Received a gift from Trog
 22278 | D:14     | Reached skill level 10 in Throwing
 22804 | D:14     | Reached skill level 12 in Fighting
 23020 | D:14     | Found a gate to the Vaults.
 23097 | D:14     | Received a gift from Trog
 23227 | D:15     | Found a white marble altar of Elyvilon.
 23441 | D:15     | Reached skill level 14 in Dodging
 23582 | D:15     | Paralysed by a crimson imp for 5 turns
 23773 | D:12     | Reached XP level 16. HP: 111/114 MP: 16/16
 23978 | Swamp:1  | Entered Level 1 of the Swamp
 24151 | Swamp:1  | Noticed a thorn hunter
 24186 | Swamp:1  | Killed a thorn hunter
 24398 | Swamp:1  | Reached skill level 11 in Throwing
 24398 | Swamp:1  | Reached skill level 17 in Armour
 24457 | Swamp:1  | Received a gift from Trog
 25412 | Swamp:2  | Noticed Donald
 25443 | Swamp:2  | Killed Donald
 25566 | Swamp:2  | HP: 27/116 [acid (7)]
 25575 | Swamp:2  | HP: 28/116 [poisoned by a green ugly thing]
 25580 | Swamp:2  | HP: 28/116 [poisoned by a green ugly thing]
 25719 | Swamp:2  | Identified Roxanne's Guide on Shape Shifting
 25719 | Swamp:2  | Noticed Roxanne
 25884 | Swamp:2  | Reached skill level 13 in Fighting
 25962 | Swamp:2  | Noticed a thorn hunter
 25998 | Swamp:2  | Killed a thorn hunter
 26089 | Swamp:2  | Reached skill level 15 in Dodging
 26678 | Swamp:3  | Noticed a thorn hunter
 26717 | Swamp:3  | Killed a thorn hunter
 26909 | Swamp:3  | Received a gift from Trog
 27008 | Swamp:3  | Got a scorched bone ring
 27009 | Swamp:3  | Identified the ring "Kilatas" {+Inv MR+ Stlth+} (You found
                  | it on level 3 of the Swamp)
 27148 | Swamp:3  | Noticed Mara
 27176 | Swamp:3  | Noticed Firecrotchwizard's illusion
 27302 | Swamp:3  | Reached XP level 17. HP: 105/123 MP: 17/17
 27315 | Swamp:4  | Entered Level 4 of the Swamp
 27327 | Swamp:4  | Reached skill level 1 in Evocations
 27438 | Swamp:4  | Reached skill level 2 in Evocations
 27543 | Swamp:3  | Reached skill level 18 in Armour
 27711 | Swamp:4  | Reached skill level 3 in Evocations
 27837 | Swamp:4  | Noticed the 27-headed Lernaean hydra
 27843 | Swamp:4  | Killed the 27-headed Lernaean hydra
 27912 | Swamp:4  | Got a decaying rune of Zot
 28061 | Swamp:4  | HP: 31/124 [spriggan rider/+0 spear (11)]
 28066 | Swamp:4  | HP: 19/124 [shambling mangrove (5)]
 28072 | Swamp:4  | HP: 13/124 [spriggan rider/+0 spear (2)]
 28085 | Swamp:4  | HP: 11/124 [shambling mangrove (16)]
 28089 | Swamp:4  | HP: 5/124 [shambling mangrove (5)]
 28091 | Swamp:4  | Received a gift from Trog
 28100 | Swamp:4  | HP: 9/124 [tyrant leech (9)]
 28105 | Swamp:3  | HP: 14/186 [tyrant leech (3)]
 28142 | Swamp:3  | Noticed Firecrotchwizard's illusion
 28143 | Swamp:3  | HP: 1/124 [Mara (illusionary)/bolt of fire (41)]
 28386 | Spider:1 | Entered Level 1 of the Spider Nest
 28423 | Spider:1 | Reached skill level 4 in Evocations
 29664 | Spider:2 | Reached skill level 16 in Dodging
 29794 | Spider:2 | Reached skill level 5 in Evocations
 29910 | Spider:2 | Reached skill level 14 in Fighting
 30152 | Spider:2 | Noticed Wuanow's ghost (journeyman HOFi)
 30165 | Spider:2 | Found a transporter.
 30168 | Spider:2 | Found a transporter.
 30192 | Spider:2 | Noticed an Executioner
 30402 | Spider:2 | Received a gift from Trog
 30705 | Spider:3 | Reached XP level 18. HP: 103/131 MP: 22/22
 30891 | Spider:3 | Noticed Arachne
 30916 | Spider:3 | Killed Arachne
 30916 | Spider:3 | Reached skill level 6 in Evocations
 31248 | Spider:4 | Entered Level 4 of the Spider Nest
 31480 | Spider:4 | Found a frozen archway.
 31512 | Spider:4 | Received a gift from Trog
 31563 | IceCv    | Entered an ice cave
 32278 | IceCv    | Noticed an Ice Fiend
 32617 | Spider:4 | Reached skill level 7 in Evocations
 32695 | Spider:4 | Received a gift from Trog
 32719 | Spider:4 | HP: 31/132 [jumping spider (4)]
 32724 | Spider:4 | HP: 26/132 [something (1)]
 32731 | Spider:4 | HP: 25/132 [spark wasp (2)]
 32731 | Spider:4 | HP: 12/132 [spark wasp (13)]
 32732 | Spider:4 | HP: 2/132 [spark wasp (14)]
 32741 | Spider:4 | HP: 33/132 [poisoned by a wolf spider]
 32746 | Spider:4 | HP: 33/132 [poisoned by a wolf spider]
 33079 | Spider:4 | Reached skill level 19 in Armour
 34122 | Spider:4 | Reached skill level 17 in Dodging
 34380 | Spider:4 | Got a gossamer rune of Zot
 34681 | Orc:1    | Entered Level 1 of the Orcish Mines
 34688 | Orc:1    | Found Wennod's Weapon Emporium.
 34829 | Orc:1    | Reached skill level 8 in Evocations
 34932 | Orc:2    | Entered Level 2 of the Orcish Mines
 34932 | Orc:2    | Found a radiant altar of Vehumet.
 35026 | Orc:2    | Found a gate leading to a gauntlet.
 35050 | Orc:2    | Received a gift from Trog
 35080 | Orc:2    | Reached XP level 19. HP: 124/138 MP: 25/25
 35086 | Gauntlet | Entered a Gauntlet
 35086 | Gauntlet | Found a transporter.
 35118 | Gauntlet | Found a transporter.
 35120 | Gauntlet | Found a transporter.
 35136 | Gauntlet | Found a transporter.
 35137 | Gauntlet | Found a transporter.
 35147 | Gauntlet | Found a transporter.
 35162 | Gauntlet | Found a transporter.
 35172 | Gauntlet | Found a transporter.
 35182 | Gauntlet | Found a transporter.
 35196 | Gauntlet | Found a transporter.
 35196 | Gauntlet | Found a transporter.
 35198 | Gauntlet | Found a transporter.
 35202 | Gauntlet | Found a runed translucent gate.
 35202 | Gauntlet | Found a runed translucent gate.
 35202 | Gauntlet | Found a runed translucent gate.
 35332 | Orc:2    | Paralysed by an orc sorcerer for 6 turns
 35360 | Orc:2    | Found Qaifukitu's Gadget Shop.
 35360 | Orc:2    | Found Jica's Distillery.
 35360 | Orc:2    | Found Ifeuroez's Assorted Antiques.
 35388 | Orc:2    | Found Xaduxtoupn's Weapon Shop.
 35393 | Orc:2    | Received a gift from Trog
 35401 | Orc:2    | Bought a lightning rod (4/4) for 720 gold pieces
 35510 | Orc:2    | Found a staircase to the Elven Halls.
 35749 | Orc:2    | Found Ceduleax's Food Emporium.
 36068 | Orc:1    | Found a roughly hewn altar of Beogh.
 36484 | Vaults:1 | Entered Level 1 of the Vaults
 36837 | Vaults:1 | Reached skill level 15 in Fighting
 37062 | Vaults:1 | Found the +3 crown of Dyrovepreva {rElec Int+2 SInv}
 37070 | Vaults:1 | Received a gift from Trog
 37157 | Vaults:1 | Reached skill level 9 in Evocations
 37185 | Vaults:1 | Got a steaming dagger {god gift}
 37186 | Vaults:1 | Identified the +8 dagger of Ijeda {vorpal, Int+4} (Trog
                  | gifted it to you on level 1 of the Vaults)
 38197 | Vaults:1 | Received a gift from Trog
 38513 | Vaults:2 | Reached XP level 20. HP: 137/146 MP: 27/27
 38530 | Vaults:2 | Reached skill level 10 in Evocations
 38712 | Vaults:2 | Noticed Nikola
 38725 | Vaults:2 | Killed Nikola
 38765 | Vaults:2 | Reached skill level 18 in Dodging
 38766 | Vaults:2 | HP: 53/219 [vault warden/+3 great mace of holy wrath (22)]
 38769 | Vaults:2 | HP: 17/219 [ironheart preserver/+0 great mace (15)]
 38774 | Vaults:2 | HP: 11/219 [vault warden/+4 vorpal dire flail (7)]
 38776 | Vaults:2 | Reached skill level 20 in Armour
 38777 | Vaults:2 | Slain by a vault warden

Levels and vault maps discovered:
D:1:      dpeg_arrival_morbid_curiosity, layout_loops_ring
D:2:      layout_basic, tgw_xom, first_ration, kennysheep_path_1,
          nicolae_qazlal_style_of_elements
D:3:      layout_rooms, nicolae_ru_great_annihilating_truth, marbit_many_paths,
          grunt_decor_mini_mirrors, minmay_checkerbox
D:4:      layout_loops_ring
D:5:      layout_loops_ring, minmay_temple_entry_steel_oval, tgw_trog,
          uniq_pikel, uniq_duvessa
D:6:      layout_basic, old_standard_altar, vehumet_statue, uniq_sigmund
D:7:      layout_gridville, gammafunk_temple_overflow_elements, serial_shops,
          nicolae_shop_behind_doors, grunt_livestock, minmay_nine_imps
D:8:      layout_layer_cave, nicolae_overflow_crystal_walls,
          minmay_lair_entry_grove
D:9:      layout_loops_ring, eat_drink_and_be_merry_uskayaw, erik_orc_3,
          enter_bailey_3
D:10:     layout_layer_cave, serial_shops, shop, lemuel_angel_altar,
          uniq_nergalle
D:11:     layout_roguey, nicolae_trove_entry_path_of_doom, uniq_grum
D:12:     layout_gridville, uniq_psyche
D:13:     layout_irregular_city, hellmonk_ghost_happy_afterlife
D:14:     layout_rooms, grunt_vaults_entry_tiered, serial_park_tiny_pond,
          minmay_misc_feat_encased, uniq_jorgrun
D:15:     gammafunk_enter_depths_forms, layout_rooms, grunt_decor_cap,
          elyvilon_altar_1
Lair:1:   layout_small_grid, beast_lair_carwin_1
Lair:2:   layout_gridlike, minmay_hedge_maze, chequers_serial_rivers_micro_e,
          minivault_19, grunt_megastairs_2, uniq_gastronok
Lair:3:   layout_small_grid, spider_nest_entry_funnel_web, serial_bayou_shore_b
Lair:4:   layout_small_grid, swamp_mist, grunt_megastairs_4,
          minmay_lair_oklob_chamber, serial_bayou_shore_b
Lair:5:   layout_roguey, nicolae_slime_entry_slimehenge,
          infiniplex_staircase_pool, grunt_megastairs_3, uniq_sonja
Lair:6:   hangedman_lair_tendril_chambers, layout_gridlike, st_stairs_13,
          serial_bayou_pond_b
Swamp:1:  cheibrodos_swamp_tower_of_moss, layout_basic_swamp,
          evilmike_swamp_ruin_house_3
Swamp:2:  layout_falls_marsh, serial_swamp_ruin, evilmike_swamp_ruin_house_6,
          evilmike_swamp_ruin_rubble_1, hangedman_swamp_ruin_wall, uniq_roxanne,
          uniq_donald
Swamp:3:  layout_basic_swamp, nicolae_swamp_dense_foliage, swamp_pool1,
          hangedman_swamp_blocks, lightli_tree_ring, uniq_aizul, uniq_mara,
          uniq_bai_suzhen
Swamp:4:  swamp_basic_johnstein, layout_basic_swamp
Spider:1: layout_chambers
Spider:2: layout_spider_delve, gammafunk_ghost_abyssal_escape
Spider:3: layout_spider_delve, uniq_arachne
Spider:4: grunt_spider_rune_island, portal_ice_cave_entry_pillars_2
Orc:1:    layout_caves, serial_shops, shop, basic_altar
Orc:2:    st_orc_mages, layout_caves, serial_shops, nicolae_shop_statue_plus,
          basic_altar, gauntlet_entry_generic, mines5_lemuel
Vaults:1: grunt_vaults_funnel, serial_ice_b, ontoclasm_vaults_tryst,
          nicolae_vaults_ninety_degrees, vaults_dpeg_hooks,
          hangedman_vaults_corner_blocks, v_pattern_4, hangedman_vaults_corner,
          hangedman_vaults_maws, v_misc_24, nicolae_vaults_little_squares_2,
          v_misc_16, ontoclasm_vaults_eye, nicolae_vaults_display_case,
          vaults_mumra_chevron, grunt_vaults_hallway_short,
          layout_vaults_maze_bifur
Vaults:2: v_pattern_2, nicolae_vaults_network_star, ontoclasm_vaults_hangar,
          nicolae_vaults_big_angled_halls, v_misc_29,
          vaults_room_grunt_arrival_checkpoint, grunt_vaults_diagonal,
          vaults_mumra_hex, vaults_mumra_hexcomb, st_cells,
          minmay_crypt_entry_simple_corners, hangedman_vaults_corner_blocks,
          nicolae_vaults_angled_halls, vaults_room_pool, layout_vaults_ring,
          serial_hangedman_research, hangedman_research_convocations,
          uniq_nikola, uniq_frederick

Skill      XL: |  1  2  3  4  5  6  7  8  9 10 11 12 13 14 15 16 17 18 19 20 |
---------------+-------------------------------------------------------------+-----
Short Blades   | 4 5 6 8 10 12 13 | 13.1
Fighting       | 3 4 5 6 7 8 9 10 11 12 13 14 15 | 15.6
Armour         | 3 4 6 7 9 10 12 14 15 16 17 18 19 20 | 20.0
Dodging        | 3 5 6 8 9 10 11 13 14 15 16 17 18 | 18.0
Throwing       | 2 5 7 9 10 11 | 11.0
Evocations     | 5 8 9 10 | 10.2

Action                   |  1- 3 |  4- 6 |  7- 9 | 10-12 | 13-15 | 16-18 | 19-21 || total
-------------------------+-------+-------+-------+-------+-------+-------+-------++-------
Melee: Short sword       |   104 |   302 |   282 |   144 |       |       |       ||   832
       Unarmed           |       |       |    10 |       |       |       |       ||    10
       Dagger            |       |       |   325 |   271 |       |       |       ||   596
       Quick blade       |       |       |       |   672 |  2038 |  2568 |   912 ||  6190
       Rapier            |       |       |       |       |    88 |       |       ||    88
Throw: Dart              |       |       |       |       |     9 |     3 |       ||    12
Invok: Berserk           |     4 |     2 |     5 |     2 |     7 |    10 |     4 ||    34
       Trog's Hand       |       |     1 |     2 |     3 |     4 |     3 |       ||    13
       Brothers in Arms  |       |       |       |       |     1 |     3 |       ||     4
Evoke: Wand              |       |       |     6 |     5 |     6 |     8 |     9 ||    34
  Use: Scroll            |       |     4 |       |    13 |    16 |    16 |     1 ||    50
       Potion            |       |       |       |       |     5 |     5 |       ||    10
 Stab: Sleeping          |     1 |       |       |       |       |       |       ||     1
       Paralysed         |       |     1 |       |     1 |       |       |       ||     2
       Invisible         |       |     1 |       |       |       |       |       ||     1
       Distracted        |       |       |       |       |       |     3 |       ||     3
       Held in net/web   |       |       |       |       |       |     2 |       ||     2
  Eat: Ration            |     1 |     1 |     1 |     1 |     2 |     7 |     1 ||    14
       Chunk             |     4 |     6 |    13 |    17 |    36 |    25 |    11 ||   112
Armor: Animal skin       |    12 |     1 |       |       |       |       |       ||    13
       Ring mail         |       |    46 |       |       |       |       |       ||    46
       Chain mail        |       |    33 |   187 |   244 |   435 |   885 |   169 ||  1953
Dodge: Dodged            |    83 |   150 |   194 |   418 |   865 |  1409 |   348 ||  3467

Table legend:
 A = Non-vault XP
 B = Vault XP
 C = Vault XP percentage of total XP
 D = Non-vault monster count
 E = Vault monster count
 F = Vault count percentage of total count
                 A         B        C        D         E       F
            +---------+---------+-------+---------+---------+-------
      Total |  213306 |  137245 |  39.2 |     835 |     394 |  32.1
            +---------+---------+-------+---------+---------+-------
        D:1 |      24 |       8 |  25.0 |      12 |       5 |  29.4
        D:2 |      71 |       0 |   0.0 |      16 |       0 |   0.0
        D:3 |     220 |      55 |  20.0 |      23 |       9 |  28.1
        D:4 |     346 |       0 |   0.0 |      16 |       0 |   0.0
        D:5 |     534 |     749 |  58.4 |      19 |       3 |  13.6
        D:6 |    1587 |     223 |  12.3 |      41 |       1 |   2.4
        D:7 |     596 |    1393 |  70.0 |      10 |      14 |  58.3
        D:8 |    1901 |    1781 |  48.4 |      43 |      12 |  21.8
        D:9 |    2432 |     523 |  17.7 |      35 |      20 |  36.4
       D:10 |    2776 |     808 |  22.5 |      28 |       1 |   3.4
       D:11 |    5849 |     552 |   8.6 |      30 |       3 |   9.1
       D:12 |    4866 |     476 |   8.9 |      21 |       1 |   4.5
       D:13 |    2109 |       0 |   0.0 |      16 |       0 |   0.0
       D:14 |   10826 |   10391 |  49.0 |      33 |      26 |  44.1
       D:15 |   16281 |    1977 |  10.8 |      47 |      10 |  17.5
     Lair:1 |    2704 |    1757 |  39.4 |      12 |       7 |  36.8
     Lair:2 |    3597 |    4160 |  53.6 |      19 |       5 |  20.8
     Lair:3 |    3213 |    1442 |  31.0 |       7 |       5 |  41.7
     Lair:4 |     906 |    1891 |  67.6 |       7 |       8 |  53.3
     Lair:5 |    1437 |    1656 |  53.5 |       7 |      12 |  63.2
     Lair:6 |    4442 |   12152 |  73.2 |      20 |      41 |  67.2
    Swamp:1 |   14070 |    2152 |  13.3 |      39 |       1 |   2.5
    Swamp:2 |   14564 |    2139 |  12.8 |      38 |       1 |   2.6
    Swamp:3 |   11679 |    2923 |  20.0 |      38 |       3 |   7.3
    Swamp:4 |    4085 |   19312 |  82.5 |      11 |      29 |  72.5
   Spider:1 |    8887 |       0 |   0.0 |      23 |       0 |   0.0
   Spider:2 |   16199 |       0 |   0.0 |      50 |       0 |   0.0
   Spider:3 |   14796 |    3706 |  20.0 |      48 |       1 |   2.0
   Spider:4 |   11423 |   23528 |  67.3 |      19 |      41 |  68.3
      Orc:1 |    2554 |       0 |   0.0 |      19 |       0 |   0.0
      Orc:2 |     503 |    6121 |  92.4 |      10 |      51 |  83.6
   Vaults:1 |   35726 |   20836 |  36.8 |      64 |      31 |  32.6
   Vaults:2 |   12103 |    9232 |  43.3 |      14 |       8 |  36.4
      IceCv |       0 |    5302 | 100.0 |       0 |      45 | 100.0
            +---------+---------+-------+---------+---------+-------

Levels and vault maps discovered:
D:1:      dpeg_arrival_morbid_curiosity, layout_loops_ring
D:2:      layout_basic, tgw_xom, first_ration, kennysheep_path_1,
          nicolae_qazlal_style_of_elements
D:3:      layout_rooms, nicolae_ru_great_annihilating_truth, marbit_many_paths,
          grunt_decor_mini_mirrors, minmay_checkerbox
D:4:      layout_loops_ring
D:5:      layout_loops_ring, minmay_temple_entry_steel_oval, tgw_trog,
          uniq_pikel, uniq_duvessa
D:6:      layout_basic, old_standard_altar, vehumet_statue, uniq_sigmund
D:7:      layout_gridville, gammafunk_temple_overflow_elements, serial_shops,
          nicolae_shop_behind_doors, grunt_livestock, minmay_nine_imps
D:8:      layout_layer_cave, nicolae_overflow_crystal_walls,
          minmay_lair_entry_grove
D:9:      layout_loops_ring, eat_drink_and_be_merry_uskayaw, erik_orc_3,
          enter_bailey_3
D:10:     layout_layer_cave, serial_shops, shop, lemuel_angel_altar,
          uniq_nergalle
D:11:     layout_roguey, nicolae_trove_entry_path_of_doom, uniq_grum
D:12:     layout_gridville, uniq_psyche
D:13:     layout_irregular_city, hellmonk_ghost_happy_afterlife
D:14:     layout_rooms, grunt_vaults_entry_tiered, serial_park_tiny_pond,
          minmay_misc_feat_encased, uniq_jorgrun
D:15:     gammafunk_enter_depths_forms, layout_rooms, grunt_decor_cap,
          elyvilon_altar_1
Lair:1:   layout_small_grid, beast_lair_carwin_1
Lair:2:   layout_gridlike, minmay_hedge_maze, chequers_serial_rivers_micro_e,
          minivault_19, grunt_megastairs_2, uniq_gastronok
Lair:3:   layout_small_grid, spider_nest_entry_funnel_web, serial_bayou_shore_b
Lair:4:   layout_small_grid, swamp_mist, grunt_megastairs_4,
          minmay_lair_oklob_chamber, serial_bayou_shore_b
Lair:5:   layout_roguey, nicolae_slime_entry_slimehenge,
          infiniplex_staircase_pool, grunt_megastairs_3, uniq_sonja
Lair:6:   hangedman_lair_tendril_chambers, layout_gridlike, st_stairs_13,
          serial_bayou_pond_b
Swamp:1:  cheibrodos_swamp_tower_of_moss, layout_basic_swamp,
          evilmike_swamp_ruin_house_3
Swamp:2:  layout_falls_marsh, serial_swamp_ruin, evilmike_swamp_ruin_house_6,
          evilmike_swamp_ruin_rubble_1, hangedman_swamp_ruin_wall, uniq_roxanne,
          uniq_donald
Swamp:3:  layout_basic_swamp, nicolae_swamp_dense_foliage, swamp_pool1,
          hangedman_swamp_blocks, lightli_tree_ring, uniq_aizul, uniq_mara,
          uniq_bai_suzhen
Swamp:4:  swamp_basic_johnstein, layout_basic_swamp
Spider:1: layout_chambers
Spider:2: layout_spider_delve, gammafunk_ghost_abyssal_escape
Spider:3: layout_spider_delve, uniq_arachne
Spider:4: grunt_spider_rune_island, portal_ice_cave_entry_pillars_2
Orc:1:    layout_caves, serial_shops, shop, basic_altar
Orc:2:    st_orc_mages, layout_caves, serial_shops, nicolae_shop_statue_plus,
          basic_altar, gauntlet_entry_generic, mines5_lemuel
Vaults:1: grunt_vaults_funnel, serial_ice_b, ontoclasm_vaults_tryst,
          nicolae_vaults_ninety_degrees, vaults_dpeg_hooks,
          hangedman_vaults_corner_blocks, v_pattern_4, hangedman_vaults_corner,
          hangedman_vaults_maws, v_misc_24, nicolae_vaults_little_squares_2,
          v_misc_16, ontoclasm_vaults_eye, nicolae_vaults_display_case,
          vaults_mumra_chevron, grunt_vaults_hallway_short,
          layout_vaults_maze_bifur
Vaults:2: v_pattern_2, nicolae_vaults_network_star, ontoclasm_vaults_hangar,
          nicolae_vaults_big_angled_halls, v_misc_29,
          vaults_room_grunt_arrival_checkpoint, grunt_vaults_diagonal,
          vaults_mumra_hex, vaults_mumra_hexcomb, st_cells,
          minmay_crypt_entry_simple_corners, hangedman_vaults_corner_blocks,
          nicolae_vaults_angled_halls, vaults_room_pool, layout_vaults_ring,
          serial_hangedman_research, hangedman_research_convocations,
          uniq_nikola, uniq_frederick

Table legend:
 A = Turns spent in this place as a percentage of turns spent in the entire game.
 B = Non-inter-level travel turns spent in this place as a percentage of non-inter-level travel turns spent in the entire game.
 C = Inter-level travel turns spent in this place as a percentage of turns spent in this place.
 D = Turns resting spent in this place as a percentage of non-inter-level travel turns spent in this place.
 E = Turns spent auto-exploring this place as a percentage of non-inter-level travel turns spent in this place.
 F = Non-inter-level travel turns spent in this place divided by the number of levels of this place that you've seen.
                   A       B       C       D       E      F
               +-------+-------+-------+-------+-------+----------------------
         Total | 100.0 | 100.0 |   5.7 |  18.1 |  46.9 | 1044.5
       Dungeon |  45.6 |  45.3 |   6.3 |  19.5 |  46.9 | 1104.0
          Lair |  17.5 |  16.9 |   9.1 |   8.8 |  64.3 | 1030.2
         Swamp |  10.9 |  11.2 |   3.5 |  21.0 |  34.6 | 1024.2
   Spider Nest |  13.3 |  13.6 |   3.6 |  22.6 |  44.1 | 1243.8
  Orcish Mines |   3.8 |   3.6 |   8.5 |   5.2 |  65.9 | 666.5
        Vaults |   5.9 |   6.2 |   0.9 |  17.4 |  39.3 | 1136.0
      Ice Cave |   2.5 |   2.6 |   0.0 |  38.6 |   3.2 | 961.0
      Gauntlet |   0.5 |   0.5 |   0.0 |  16.2 |   0.0 | 179.0
               +-------+-------+-------+-------+-------+----------------------

Table legend:
 A = Kills in this place as a percentage of kills in entire the game.
 B = Kills by you in this place as a percentage of kills by you in the entire game.
 C = Kills by friends in this place as a percentage of kills by friends in the entire game.
 D = Other kills in this place as a percentage of other kills in the entire game.
 E = Experience gained in this place as a percentage of experience gained in the entire game.
 F = Experience gained in this place divided by the number of levels of this place that you have seen.
                   A       B       C       D       E      F
               +-------+-------+-------+-------+-------+----------------------
         Total | 100.0 | 100.0 | 100.0 | 100.0 | 100.0 | 10015.7
       Dungeon |  40.3 |  40.4 |   0.0 |  25.0 |  19.8 | 4623.6
          Lair |  12.2 |  12.2 |  33.3 |   0.0 |  11.2 | 6559.5
         Swamp |  13.0 |  12.8 |  66.7 |  50.0 |  20.2 | 17731.0
   Spider Nest |  14.8 |  14.9 |   0.0 |   0.0 |  22.4 | 19634.8
  Orcish Mines |   6.5 |   6.5 |   0.0 |   0.0 |   2.6 | 4589.0
        Vaults |   9.5 |   9.5 |   0.0 |  25.0 |  22.2 | 38948.5
      Ice Cave |   3.7 |   3.7 |   0.0 |   0.0 |   1.5 | 5302.0
               +-------+-------+-------+-------+-------+----------------------
